 Dungeon Crawl Stone Soup version 0.32-a0-913-g739538afd8 (webtiles) character file.

Game seed: 8075737036462836425

130754 Revguard the Fighter (level 16, -7/161 HPs)
             Began as a Minotaur Fighter on Apr 9, 2024.
             Was an Elder of the Shining One.
             Mangled by a broodmother (23 damage)
             ... on level 3 of the Spider Nest.
             The game lasted 01:34:09 (31432 turns).

Revguard the Fighter (Minotaur Fighter)            Turns: 31432, Time: 01:34:10

Health: -7/161     AC: 34    Str: 23    XL:     16   Next: 53%
Magic:  21/23      EV:  8    Int:  8    God:    the Shining One [****..]
Gold:   710        SH: 19    Dex: 19    Spells: 15/15 levels left

rFire   . . .        L - +2 scimitar (flame)
rCold   + . .        V - +0 tower shield
rNeg    + + .        d - +8 orange crystal plate armour {Archmagi, Int+3 Clar}
rPois   +            (helmet restricted)
rElec   .            T - +1 cloak
rCorr   .            E - +1 pair of gloves {Str+3}
SInv    .            F - +1 pair of boots
Will    ++...        (no amulet) Stlth
                     r - +4 ring of protection
HPRegen 0.46/turn    v - ring of Mumopon {rC+ Will+}
MPRegen 0.18/turn

%: clarity, archmagi
@: corroded, glowing
A: horns 2, retaliatory headbutt, poison resistance, robust 1
a: Renounce Religion, Divine Shield, Cleansing Flame


You were on level 3 of the Spider Nest.
You worshipped the Shining One.
The Shining One was greatly pleased with you.
You visited 5 branches of the dungeon, and saw 26 of its levels.
You also visited: Ice Cave.

You collected 2407 gold pieces.
You spent 1639 gold pieces at shops.
You donated 58 gold pieces to Zin.

Inventory:

Hand Weapons
 L - a +2 scimitar of flaming (weapon)
 M - the +7 captain's cutlass {speed, disarm}
   (You found it on level 5 of the Lair of Beasts)
Missiles
 W - a throwing net
Armour
 d - the +8 orange crystal plate armour (worn) {Archmagi, Int+3 Clar}
   (You acquired it on level 1 of the Lair of Beasts)

   Int+3:     It affects your intelligence (+3).
   Clar:      It protects you from confusion, rage, mesmerisation and fear.
 E - a +1 pair of gloves of strength (worn)
 F - a +1 pair of boots (worn)
 T - a +1 cloak (worn)
 V - a +0 tower shield (worn)
Jewellery
 r - a +4 ring of protection (left hand)
 v - the ring of Mumopon (right hand) {rC+ Will+}
   (You took it off a reaper in an ice cave)

   [ring of protection from cold]

   rC+:       It protects you from cold.
   Will+:     It increases your willpower.
 A - the ring of Qaiteotz {rF+ rN+ Str+2 Dex-4}
   (You found it on level 7 of the Dungeon)

   [ring of protection from fire]

   Str+2:     It affects your strength (+2).
   Dex-4:     It affects your dexterity (-4).
   rF+:       It protects you from fire.
   rN+:       It protects you from negative energy.
 K - a +6 ring of dexterity
Wands
 b - a wand of flame (7)
 w - a wand of mindburst (3) (quivered)
 z - a wand of paralysis (3)
 G - a wand of polymorph (3)
 Q - a wand of quicksilver (1)
 X - a wand of digging (7)
Scrolls
 a - a scroll of revelation
 f - 3 scrolls of fog
 j - 2 scrolls of fear
 l - 8 scrolls of identify
 m - 2 scrolls of enchant armour
 p - a scroll of noise
 s - 2 scrolls of immolation
 t - 8 scrolls of poison
 u - 2 scrolls of brand weapon
 x - 6 scrolls of vulnerability
 y - 8 scrolls of teleportation
 C - 3 scrolls of amnesia
 I - a scroll of butterflies
 P - 3 scrolls of silence
 R - a scroll of enchant weapon
 Z - 2 scrolls of blinking
Potions
 c - 3 potions of heal wounds
 e - a potion of haste
 g - 6 potions of attraction
 h - 4 potions of mutation
 i - 3 potions of magic
 k - 9 potions of curing
 n - 4 potions of cancellation
 o - 2 potions of berserk rage
 B - 4 potions of lignification
 D - 2 potions of enlightenment
 J - a potion of invisibility
 O - 3 potions of brilliance
 S - 8 potions of ambrosia
 U - 2 potions of resistance
Miscellaneous
 q - a Gell's gravitambourine (2/2)
 H - a lightning rod (4/4)
 N - a box of beasts (inert)


   Skills:
 + Level 14.7 Fighting
 + Level 14.4 Long Blades
 + Level 14.2 Armour
 + Level 12.6 Dodging
 + Level 14.2 Shields
 + Level 11.7 Invocations
 + Level 10.7 Evocations


You had 15 spell levels left.
You didn't know any spells.
Your spell library contained the following spells:

 Spells                   Type           Power      Damage    Failure   Level
 Kiss of Death            Conj/Necr      0%         2d5       100%        1
 Summon Small Mammal      Summ           0%         N/A       100%        1
 Call Imp                 Summ           0%         N/A       100%        2
 Ensorcelled Hibernation  Hex/Ice        0%         N/A       100%        2
 Jinxbite                 Hex            0%         N/A       100%        2
 Mercury Vapours          Alch/Air       0%         N/A       100%        2
 Scorch                   Fire           0%         2d5       100%        2
 Sublimation of Blood     Necr           0%         N/A       100%        2
 Call Canine Familiar     Summ           0%         N/A       100%        3
 Confusing Touch          Hex            0%         N/A       100%        3
 Frozen Ramparts          Ice            0%         1d1       100%        3
 Mephitic Cloud           Conj/Alch/Air  0%         N/A       100%        3
 Ozocubu's Armour         Ice            0%         N/A       100%        3
 Dispel Undead            Necr           0%         3d6       100%        4
 Flame Wave               Conj/Fire      0%         2d4       100%        4
 Summon Blazeheart Golem  Fire/Summ      0%         N/A       100%        4
 Freezing Cloud           Conj/Ice/Air   0%         6-21      100%        5
 Metabolic Englaciation   Hex/Ice        0%         N/A       100%        5
 Yara's Violent Unravell  Hex/Alch       0%         3d3       100%        5
 Enfeeble                 Hex            0%         N/A       100%        7
 Summon Hydra             Summ           0%         N/A       100%        7
 Chain Lightning          Conj/Air       0%         N/A       100%        9
 Polar Vortex             Ice            0%         N/A       100%        9


Dungeon Overview and Level Annotations

Branches:
Dungeon (15/15)            Temple (1/1) D:6            Lair (5/5) D:8
 Shoals (0/4) Lair:2       Spider (3/4) Lair:2        Slime (0/5) Lair:5
    Orc (2/2) D:9             Elf (0/3) Orc:2        Vaults (0/5) D:13
 Depths (0/4) D:15          IceCv (visited)

Altars:
Ashenzari
Cheibriados
Dithmenos
Elyvilon
Fedhas
Gozag
Hepliaklqana
Kikubaaqudgha
Makhleb
Nemelex Xobeh
Okawaru
Qazlal
Ru
Sif Muna
Trog
Uskayaw
Vehumet
Wu Jian
Xom
Yredelemnul
Zin
The Shining One
Beogh

Shops:
D:3 :   D:5 ?   D:9 [   Orc:1 (****   Orc:2 *(*![


Innate Abilities, Weirdness & Mutations

You have a pair of horns on your head.
You reflexively headbutt those who attack you in melee.
Your system is resistant to poisons. (rPois)
You are robust. (+10% HP)


Message History

You block the wolf spider's attack. x2; You block the broodmother's attack.
The wolf spider hits you.
* * * LOW HITPOINT WARNING * * *
You block the wolf spider's attack.
Unknown command.
You hit the broodmother. You burn the broodmother.
The broodmother is heavily wounded.
The wolf spider hits you but does no damage.
You block the wolf spider's attack.
The wolf spider hits you but does no damage.
You block the wolf spider's attack. You block the broodmother's attack.
You block the wolf spider's attack. The wolf spider barely misses you.
You slash the broodmother! You burn the broodmother.
You headbutt the broodmother, but do no damage.
The broodmother is heavily wounded.
The wolf spider hits you but does no damage.
The wolf spider barely misses you. You block the wolf spider's attack. x2
You block the redback's attack. You block the broodmother's attack.
The wolf spider hits you but does no damage.
The wolf spider bites you but does no damage.
You hit the broodmother. You burn the broodmother.
You headbutt the broodmother, but do no damage.
The broodmother is severely wounded.
You block the wolf spider's attack. x2; The redback closely misses you.
You furiously retaliate!
You headbutt the redback. You block the wolf spider's attack.
The wolf spider barely misses you. The broodmother bites you!!
* * * LOW HITPOINT WARNING * * *
You block the wolf spider's attack.
The wolf spider bites you but does no damage.
You hit the broodmother but do no damage.
The broodmother is severely wounded.
You block the wolf spider's attack. x2; You block the redback's attack.
You block the wolf spider's attack.
The wolf spider bites you but does no damage.
The demonic crawler hits you but does no damage. x2
The demonic crawler hits you!
* * * LOW HITPOINT WARNING * * *
The broodmother bites you!!
You die...

^ ^#^... ####...#.... .
#^.~#...... .^#
#...##...# #
..^^##..≈...##.#.
........##.......
...<..sss††.^....
.....ss@.†s####
###...ss##....######
#...#^.##.^........####
##.
#..#...†..†.^.##<.##
#~#†^.#...#........~
#$.####.).####...^##
#.........)...#..#...
...........#..##..##..
##...#..#...##..##.. #.


You could see a broodmother, a demonic crawler, 3 wolf spiders, an orb spider
(summoned), a tarantella (summoned) and a redback (summoned).

Vanquished Creatures
  Frances (D:12)
  2 emperor scorpions
  2 ghost moths (Spider:1)
  A cacodemon (D:9)
  A reaper (IceCv)
  A broodmother (Spider:2)
  Nessos (Lair:5)
  4 spark wasps
  A bunyip (D:14)
  A fire dragon (D:15)
  Snorg (D:12)
  3 ogre magi
  3 entropy weavers
  An ice dragon (D:15)
  A vault guard (D:13)
  4 hydras
  3 radroaches
  A jorogumo (Spider:3)
  A merfolk avatar (Lair:5)
  A death knight (D:14)
  A catoblepas (Lair:2)
  3 boulder beetles
  2 centaur warriors
  6 two-headed ogres
  2 tengu warriors (D:13)
  The ghost of Drangen the Skirmisher, a novice CoHu of Okawaru (D:9)
  Urug (D:13)
  3 orc high priests (Orc:2)
  An occultist (D:15)
  Sonja (Lair:4)
  2 demonic crawlers
  4 skysharks
  A skeletal warrior (D:14)
  A sea snake (Lair:5)
  5 pharaoh ants
  8 orb spiders
  A glowing orange brain (D:9)
  4 steelbarb worms
  A sun moth (Spider:3)
  7 orc knights
  An obsidian bat (Orc:2)
  2 cyclopes
  3 deep elf pyromancers
  4 orc sorcerers
  15 ugly things
  10 wolf spiders
  3 manticores
  3 meliai (Spider:3)
  3 moths of wrath (Spider:2)
  9 elephants (Lair:4)
  2 ice statues (IceCv)
  4 kobold blastminers (Orc:2)
  3 black mambas
  5 torpor snails
  9 cane toads
  A komodo dragon (shapeshifter) (D:9)
  A gargoyle (D:11)
  A kobold demonologist (D:13)
  7 komodo dragons
  9 rime drakes
  A tengu conjurer (D:15)
  An efreet (D:15)
  2 freezing wraiths
  Psyche (D:12)
  6 ice devils (IceCv)
  A polar bear (shapeshifter) (D:9)
  20 tarantellas
  6 polar bears
  A queen bee (Lair:3)
  A troll (D:9)
  14 jumping spiders
  2 wind drakes (Lair:5)
  A blink frog (shapeshifter) (D:9)
  4 blink frogs (Lair:3)
  5 dream sheep (Lair:4)
  14 hornets
  10 slime creatures
  A snapping turtle (Lair:5)
  A spriggan (shapeshifter) (D:9)
  11 culicivoras
  A shadow (D:12)
  6 wyverns
  A vampire (D:11)
  6 wraiths
  5 basilisks
  38 yaks
  A dire elephant simulacrum (IceCv)
  33 redbacks
  6 vampire mosquitoes
  2 neqoxecs (D:9)
  A warg (Orc:1)
  A death yak simulacrum (IceCv)
  Edmund (D:5)
  5 steam dragons
  2 acid dragons
  A hydra simulacrum (IceCv)
  17 water moccasins
  5 ice beasts (D:8)
  2 sky beasts
  23 orc warriors
  2 black bears
  6 ogres
  An ogre (shapeshifter) (D:9)
  8 wolves
  4 centaurs
  2 boggarts (D:15)
  11 bullfrogs
  A kobold brigand (D:10)
  A two-headed ogre simulacrum (IceCv)
  3 cane toad simulacra (IceCv)
  11 wights
  22 killer bees
  2 howler monkeys (D:8)
  A lava snake (D:8)
  9 electric eels
  3 bombardier beetles
  24 orc priests
  A sleepcap (D:4)
  4 iguanas
  29 orc wizards
  A spriggan simulacrum (IceCv)
  6 hell rats (Lair:5)
  4 troll simulacra (IceCv)
  2 wolf simulacra (IceCv)
  4 adders
  2 naga simulacra (IceCv)
  2 shadow imps
  4 white imps
  4 ufetubi
  A ribbon worm (D:4)
  77 orcs
  3 endoplasms
  7 goblins
  6 hobgoblins
  5 jackals (D:3)
  12 kobolds
  4 quokkas
  3 training dummies (Orc:1)
  5 ball pythons
  2 bats
  5 frilled lizards
  3 rats
751 creatures vanquished.

Vanquished Creatures (collateral kills)
  An orb spider (Spider:1)
  A steelbarb worm (Spider:1)
  A tarantella (Spider:1)
  2 redbacks (Spider:3)
5 creatures vanquished.

Vanquished Creatures (others)
  A jumping spider (Spider:3)
  A wight (D:10)
  A white imp (IceCv)
  A butterfly (Lair:5)
4 creatures vanquished.

Grand Total: 760 creatures vanquished

Notes
Turn   | Place    | Note
-------+----------+-------------------------------------------
     0 | D:1      | Revguard the Minotaur Fighter began the quest for the Orb.
     0 | D:1      | Reached XP level 1. HP: 19/19 MP: 0/0
   270 | D:1      | Reached XP level 2. HP: 27/27 MP: 1/1
   348 | D:1      | You fall into a shaft and drop 1 floor!
   976 | D:3      | Found Xiagho's Book Boutique.
  1119 | D:3      | Reached XP level 3. HP: 23/28 MP: 2/2
  1178 | D:3      | Reached skill level 1 in Dodging
  1178 | D:3      | Reached skill level 1 in Invocations
  1178 | D:3      | Reached XP level 4. HP: 28/36 MP: 3/3
  1182 | D:3      | Reached skill level 1 in Evocations
  1901 | D:4      | Identified the +2 ring mail of Ginojo {rPois Will- Str+6}
  1910 | D:4      | Reached XP level 5. HP: 45/47 MP: 3/5
  2206 | D:4      | Reached XP level 6. HP: 15/53 MP: 6/6
  2576 | D:5      | Entered Level 5 of the Dungeon
  3044 | D:5      | Noticed Edmund
  3063 | D:5      | Killed Edmund
  3064 | D:5      | Reached skill level 5 in Fighting
  3064 | D:5      | Reached XP level 7. HP: 34/61 MP: 7/7
  3224 | D:5      | Identified the +0 mace "Xarucuobb" {drain, Will+ Dex+2
                  | Stlth+}
  3238 | D:5      | Found The Oracle's Delphic Readings.
  3245 | D:5      | Bought a scroll of poison for 44 gold pieces
  3245 | D:5      | Bought a scroll of vulnerability for 44 gold pieces
  3245 | D:5      | Bought a scroll of identify for 22 gold pieces
  3245 | D:5      | Bought a scroll of identify for 22 gold pieces
  3440 | D:6      | Reached skill level 5 in Armour
  3440 | D:6      | Reached skill level 5 in Shields
  3729 | D:6      | Found a staircase to the Ecumenical Temple.
  3815 | Temple   | Entered the Ecumenical Temple
  3843 | Temple   | Became a worshipper of the Shining One
  4268 | D:6      | Reached skill level 5 in Long Blades
  4268 | D:6      | Reached XP level 8. HP: 70/70 MP: 9/9
  4569 | D:7      | Reached * piety under the Shining One
  4953 | D:7      | Found a broken altar of Ashenzari.
  5073 | D:7      | Reached XP level 9. HP: 53/78 MP: 11/11
  5516 | D:7      | Identified the ring of Qaiteotz {rF+ rN+ Str+2 Dex-4}
  5676 | D:8      | Found an ancient bone altar of Kikubaaqudgha.
  6036 | D:8      | Reached skill level 5 in Dodging
  6151 | D:8      | The Shining One protects you from harm!
  6151 | D:8      | HP: 2/79 [electric eel/bolt of electricity (5)]
  6450 | D:8      | Found a staircase to the Lair.
  6450 | D:8      | Noticed a rime drake
  6460 | D:8      | Killed a rime drake
  6483 | D:8      | Reached skill level 5 in Invocations
  6607 | D:8      | Noticed a polar bear
  6627 | D:8      | Killed a polar bear
  6628 | D:8      | Reached XP level 10. HP: 33/88 MP: 12/12
  7338 | D:9      | Found a staircase to the Orcish Mines.
  7542 | D:9      | Noticed a two-headed ogre
  7560 | D:9      | Killed a two-headed ogre
  7561 | D:9      | Reached skill level 5 in Evocations
  7784 | D:9      | Identified the +2 quarterstaff "Atukkute" {flame, rF- Str+4
                  | SInv Stlth+}
  7927 | D:9      | Found Cuiqexte's Armour Shoppe.
  8153 | D:9      | Bought a +1 pair of gloves of strength for 198 gold pieces
  8153 | D:9      | Bought a +1 pair of boots for 138 gold pieces
  8177 | D:9      | Found a runed translucent gate.
  8177 | D:9      | Found a runed translucent gate.
  8177 | D:9      | Found a runed translucent gate.
  8177 | D:9      | Noticed a water nymph
  8177 | D:9      | Noticed a red ugly thing
  8179 | D:9      | Noticed a white ugly thing
  8180 | D:9      | Noticed a glowing orange brain
  8180 | D:9      | Reached ** piety under the Shining One
  8180 | D:9      | Noticed a purple ugly thing
  8181 | D:9      | a water nymph changed into a steelbarb worm
  8181 | D:9      | Noticed a steelbarb worm (glowing shapeshifter)
  8181 | D:9      | Noticed a cyan ugly thing
  8182 | D:9      | Noticed a purple ugly thing
  8182 | D:9      | Noticed a cyan ugly thing
  8182 | D:9      | a steelbarb worm changed into a tyrant leech
  8190 | D:9      | a tyrant leech changed into a two-headed ogre
  8190 | D:9      | Noticed a two-headed ogre (glowing shapeshifter)
  8571 | D:9      | Noticed an elephant
  8571 | D:9      | an elephant changed into a snapping turtle
  8576 | D:9      | a swamp worm changed into a swamp dragon
  8576 | D:9      | Noticed a swamp dragon (glowing shapeshifter)
  8580 | D:9      | a swamp dragon changed into a yaktaur
  8623 | D:9      | Noticed an elephant
  8627 | D:9      | an elephant changed into a glass eye
  8636 | D:9      | a glass eye changed into a deep troll
  8636 | D:9      | Noticed a deep troll (glowing shapeshifter)
  8644 | D:9      | Noticed a lindwurm
  8648 | D:9      | Noticed a salamander
  8653 | D:9      | a salamander changed into a redback
  8659 | D:9      | Killed a purple ugly thing
  8664 | D:9      | Killed a green ugly thing
  8874 | D:9      | Killed a glowing orange brain
  8875 | D:9      | Reached XP level 11. HP: 95/95 MP: 14/14
  8889 | D:9      | Killed a white ugly thing
  8893 | D:9      | Killed a white ugly thing
  8898 | D:9      | a guardian serpent changed into a skyshark
  8898 | D:9      | Noticed a skyshark (glowing shapeshifter)
  8899 | D:9      | Killed a white ugly thing
  8904 | D:9      | a skyshark changed into a deep troll
  8904 | D:9      | Noticed a deep troll (glowing shapeshifter)
  8906 | D:9      | Killed a white ugly thing
  8906 | D:9      | a deep troll changed into a glowing orange brain
  8906 | D:9      | Noticed a glowing orange brain (glowing shapeshifter)
  8911 | D:9      | a glowing orange brain changed into a swamp worm
  8919 | D:9      | an eye of devastation changed into a sea snake
  8919 | D:9      | Noticed a sea snake (glowing shapeshifter)
  8928 | D:9      | a sea snake changed into a swamp worm
  8930 | D:9      | a swamp worm changed into a fire crab
  8930 | D:9      | Noticed a fire crab (glowing shapeshifter)
  8933 | D:9      | a fire crab changed into a blink frog
  8969 | D:9      | Found a runed translucent gate.
  8969 | D:9      | Found a runed translucent gate.
  8969 | D:9      | Noticed a fire crab
  8970 | D:9      | Noticed Drangen's ghost (novice CoHu)
  8970 | D:9      | Noticed a harpy
  8971 | D:9      | Found a runed translucent gate.
  8971 | D:9      | Noticed a cacodemon
  8976 | D:9      | a harpy changed into an ogre
  8989 | D:9      | a fire crab changed into a redback
  9029 | D:9      | a queen bee changed into a harpy
  9029 | D:9      | Noticed a harpy (shapeshifter)
  9032 | D:9      | a troll changed into a deep troll
  9032 | D:9      | Noticed a deep troll (shapeshifter)
  9033 | D:9      | a deep troll changed into something unseen
  9033 | D:9      | a harpy changed into a boggart
  9107 | D:10     | Entered Level 10 of the Dungeon
  9233 | D:10     | Noticed a cyan ugly thing
  9245 | D:10     | Killed a cyan ugly thing
  9949 | D:11     | Found a frozen archway.
  9968 | IceCv    | Entered an ice cave
  9986 | IceCv    | Reached *** piety under the Shining One
 10524 | IceCv    | Reached **** piety under the Shining One
 10681 | IceCv    | Noticed a white ugly thing
 10697 | IceCv    | Killed a white ugly thing
 10888 | IceCv    | Identified the ring of Mumopon {rC+ Will+}
 10888 | IceCv    | Noticed a reaper
 10897 | IceCv    | Killed a reaper
 10898 | IceCv    | Reached skill level 10 in Fighting
 10898 | IceCv    | Reached XP level 12. HP: 79/106 MP: 16/16
 11265 | D:11     | Noticed a boulder beetle
 11285 | D:11     | Killed a boulder beetle
 11529 | D:11     | Noticed a seven-headed hydra
 11539 | D:11     | Killed a seven-headed hydra
 11723 | D:12     | Found a shimmering altar of Xom.
 11723 | D:12     | Found a shimmering altar of Xom.
 11958 | D:12     | Reached skill level 10 in Armour
 11975 | D:12     | Reached skill level 10 in Shields
 11995 | D:12     | Noticed Psyche
 11995 | D:12     | Noticed Frances
 12000 | D:12     | Killed Psyche
 12001 | D:12     | Reached skill level 10 in Long Blades
 12012 | D:12     | Killed Frances
 12232 | D:12     | Identified the +7 flail of Butchery {speed, rF+ rN+ Will+}
 12447 | D:12     | Noticed Snorg
 12456 | D:12     | Killed Snorg
 12763 | D:13     | Noticed an entropy weaver
 12763 | D:13     | Noticed a vault guard
 12763 | D:13     | Found a gate to the Vaults.
 13187 | D:13     | Noticed a centaur warrior
 13190 | D:13     | Noticed a two-headed ogre
 13203 | D:13     | Noticed an ogre mage
 13203 | D:13     | Noticed a two-headed ogre
 13203 | D:13     | Noticed a two-headed ogre
 13655 | D:13     | Killed an entropy weaver
 13665 | D:13     | Killed a centaur warrior
 14061 | D:12     | Killed a two-headed ogre
 14062 | D:12     | Reached XP level 13. HP: 66/116 MP: 18/18
 14812 | D:13     | Noticed Urug
 14822 | D:13     | Killed Urug
 16008 | D:14     | Found a burning altar of Makhleb.
 16170 | D:14     | a five-headed hydra changed into a bunyip
 16170 | D:14     | Noticed a bunyip
 16178 | D:14     | Killed a bunyip
 16774 | D:15     | Entered Level 15 of the Dungeon
 17425 | D:15     | Reached skill level 10 in Dodging
 17764 | D:15     | Noticed a fire dragon
 17785 | D:15     | Killed a fire dragon
 18122 | D:15     | Found a staircase to the Depths.
 18261 | D:15     | Got Vv's Reference Book on the Frozen Volcano
 18264 | D:15     | Got the Elucidation of the Moth
 18516 | Lair:1   | Entered Level 1 of the Lair of Beasts
 18637 | D:9      | Killed a cacodemon
 18638 | D:9      | Reached XP level 14. HP: 110/126 MP: 4/20
 18651 | D:9      | Killed Drangen's ghost
 18671 | D:9      | Gained mutation: Your body sometimes deteriorates upon
                  | taking damage. [mutagenic glow]
 19554 | Lair:1   | Identified a scroll of acquirement
 19555 | Lair:1   | Acquired the +8 orange crystal plate armour {Archmagi,
                  | Int+3 Clar}
 19555 | Lair:1   | Found the +8 orange crystal plate armour {Archmagi, Int+3
                  | Clar}
 20022 | Lair:2   | Found a hole to the Spider Nest.
 20498 | Lair:2   | Found a staircase to the Shoals.
 20876 | Lair:3   | Identified the +2 robe of Uny Kaff {Harm rC++ rCorr Int-3}
 21071 | Lair:3   | Lost mutation: Your body sometimes deteriorates upon taking
                  | damage. [potion of mutation]
 21071 | Lair:3   | Gained mutation: You passively map a small area around you.
                  | [potion of mutation]
 21072 | Lair:3   | Lost mutation: You passively map a small area around you.
                  | [potion of mutation]
 21072 | Lair:3   | Gained mutation: Your body sometimes deteriorates upon
                  | taking damage. [potion of mutation]
 21072 | Lair:3   | Gained mutation: Your spells are a little easier to cast,
                  | but a little less powerful. [potion of mutation]
 21073 | Lair:3   | Lost mutation: Your spells are a little easier to cast, but
                  | a little less powerful. [potion of mutation]
 21073 | Lair:3   | Lost mutation: Your body sometimes deteriorates upon taking
                  | damage. [potion of mutation]
 21073 | Lair:3   | Gained mutation: Your system is resistant to poisons.
                  | (rPois) [potion of mutation]
 21073 | Lair:3   | Gained mutation: You are robust. (+10% HP) [potion of
                  | mutation]
 22160 | Lair:4   | Noticed Sonja
 22165 | Lair:4   | Killed Sonja
 22451 | Lair:4   | Reached skill level 10 in Invocations
 23479 | Lair:5   | Entered Level 5 of the Lair of Beasts
 23567 | Lair:5   | Found a staircase to the Slime Pits.
 23585 | Lair:5   | Reached ***** piety under the Shining One
 23649 | Lair:5   | Noticed Nessos
 23658 | Lair:5   | Paralysed by Nessos for 5 turns
 23671 | Lair:5   | Killed Nessos
 24234 | Lair:5   | Found the +7 captain's cutlass {speed, disarm}
 24249 | Lair:5   | Reached XP level 15. HP: 47/148 MP: 21/21
 25423 | Orc:1    | Entered Level 1 of the Orcish Mines
 25682 | Orc:1    | Found Idioni Bigh's Specific Store.
 25684 | Orc:1    | Found Vocs's General Store.
 25688 | Orc:1    | Bought a potion of curing for 39 gold pieces
 25748 | Orc:2    | Entered Level 2 of the Orcish Mines
 25748 | Orc:2    | Found a staircase to the Elven Halls.
 26490 | Orc:2    | Found Ciuxtuvu's Armour Shop.
 26490 | Orc:2    | Found Qidghe's Distillery.
 26715 | Orc:2    | Found Tuexzeuw's General Store.
 26715 | Orc:2    | Found Wairyurch's Weapon Emporium.
 26727 | Orc:2    | Bought a potion of curing for 48 gold pieces
 26727 | Orc:2    | Bought a potion of resistance for 160 gold pieces
 26727 | Orc:2    | Bought a potion of curing for 48 gold pieces
 26727 | Orc:2    | Bought a potion of magic for 128 gold pieces
 26727 | Orc:2    | Bought a potion of curing for 48 gold pieces
 26730 | Orc:2    | Bought a box of beasts for 600 gold pieces
 26788 | Orc:2    | Found a roughly hewn altar of Beogh.
 26794 | Orc:2    | Found Zolajuul's General Store.
 26802 | Orc:2    | Bought a potion of heal wounds for 50 gold pieces
 26802 | Orc:2    | Bought a potion of heal wounds for 50 gold pieces
 27018 | Orc:1    | Found Counaug's Commerce Corner.
 27061 | Orc:1    | Found Tiomuxud's Tempting Trifles.
 27148 | Orc:1    | Found Evvie's Firing Range.
 27370 | Temple   | Fell from the grace of the Shining One
 27370 | Temple   | Became a worshipper of Zin the Law-Giver
 27370 | Temple   | Reached * piety under Zin
 27370 | Temple   | Reached ** piety under Zin
 27370 | Temple   | Reached *** piety under Zin
 27370 | Temple   | Reached **** piety under Zin
 27480 | Spider:1 | Entered Level 1 of the Spider Nest
 27673 | Temple   | Fell from the grace of Zin
 27673 | Temple   | Became a worshipper of the Shining One
 27913 | Spider:1 | Reached skill level 10 in Evocations
 29174 | Spider:1 | Noticed an emperor scorpion
 29207 | Spider:1 | Killed an emperor scorpion
 29804 | Spider:2 | Reached XP level 16. HP: 149/160 MP: 23/23
 30058 | Spider:2 | Identified the +1 leather armour of Tughuadi {*Slow rPois
                  | rC++ Stlth-}
 31432 | Spider:3 | Mangled by a broodmother

Illustrated notes

Levels and vault maps discovered:
D:1:      shiori_shiawase, layout_rooms
D:2:      layout_basic, minmay_close_crescents
D:3:      layout_basic, serial_shops, nicolae_diamond_shop
D:4:      layout_rooms, grunt_decor_fettered
D:5:      layout_basic, nicolae_nh_oracle_at_delphi, uniq_edmund
D:6:      corexii_shack_village, layout_basic, minmay_temple_entry_mist
D:7:      layout_gridville, nicolae_ashenzari_skybound,
          hangedman_abyss_or_decor_stagger, minmay_misc_feat_doors,
          glass_columns_b
D:8:      layout_loops_ring, lemuel_round_altar, hellmonk_lair_entry_icy,
          kennysheep_path_1, serial_bayou_lake_a
D:9:      layout_roguey, david_orc_3,
          ploomutoo_gammafunk_ghost_potion_laboratory, serial_shops, shop,
          nicolae_fountain_basement
D:10:     layout_big_octagon
D:11:     layout_rooms, portal_ice_cave_rime
D:12:     layout_roguey, gauntlet_entry_generic, xom_redecorated, uniq_psyche,
          uniq_frances, uniq_snorg
D:13:     layout_irregular_city, hellmonk_vaults_order_and_chaos, uniq_urug
D:14:     layout_rooms, nicolae_hexahallways, bloody_makhleb
D:15:     grunt_enter_depths_hoard, layout_basic, chequers_avenue,
          serial_library_regret_index_headful
Temple:   nicolae_temple_slightly_damp_pantheon
Lair:1:   layout_loops_ring, patterned_corridor
Lair:2:   layout_regular_city, elwin_shoals_entry_rooms, spider_nest_entry_webs,
          st_stairs_3, chequers_serial_rivers_large_b,
          chequers_serial_rivers_micro_b, dreamdust_mushroom_princess,
          serial_bayou_shore_a
Lair:3:   layout_long_grid, special_room [special_room_bee]
Lair:4:   layout_cave_pods, grunt_megastairs_4, serial_bayou_shore_b, uniq_sonja
Lair:5:   gammafunk_lair_ancient_temple, layout_regular_city, slime_entry_1,
          grunt_megastairs_2, lemuel_fruit_fields, uniq_nessos
Spider:1: nicolae_spider_hilbert_zone_3 [nicolae_spider_hilbert_4_sides_2_open,
          nicolae_spider_hilbert_3_sides_1_open,
          nicolae_spider_hilbert_3_sides_1_open,
          nicolae_spider_hilbert_3_sides_1_open,
          nicolae_spider_hilbert_3_sides_1_open,
          nicolae_spider_hilbert_4_sides_1_open,
          nicolae_spider_hilbert_4_sides_1_open,
          nicolae_spider_hilbert_4_sides_1_open,
          nicolae_spider_hilbert_4_sides_1_open,
          nicolae_spider_hilbert_4_sides_1_open,
          nicolae_spider_hilbert_4_sides_1_open,
          nicolae_spider_hilbert_4_sides_1_open,
          nicolae_spider_hilbert_4_sides_1_open,
          nicolae_spider_hilbert_3_sides_1_open,
          nicolae_spider_hilbert_3_sides_1_open,
          nicolae_spider_hilbert_3_sides_1_open,
          nicolae_spider_hilbert_3_sides_1_open]
Spider:2: layout_spider_delve, lemuel_hornet_nest
Spider:3: layout_spider_delve
Orc:1:    layout_caves, nicolae_specific_store, nicolae_alphabet_shops,
          nicolae_alphabet_shops, nicolae_shop_firing_range
Orc:2:    grunt_orc_tribal_feast, layout_caves, basic_altar, serial_shops, shop

Skill      XL: |  1  2  3  4  5  6  7  8  9 10 11 12 13 14 15 16 |
---------------+-------------------------------------------------+-----
Fighting       | 4 5 6 7 8 10 11 12 13 14 | 14.7
Long Blades    | 3 4 5 6 7 8 9 10 11 12 13 14 | 14.4
Dodging        | 1 2 3 4 5 6 8 9 10 11 12 | 12.6
Shields        | 4 5 6 7 8 9 10 11 12 13 14 | 14.2
Invocations    | 1 2 3 4 5 6 7 8 9 10 11 | 11.7
Armour         | 4 5 6 7 8 9 10 11 12 13 14 | 14.2
Evocations     | 1 2 3 4 5 6 7 8 9 10 | 10.7

Action                     |  1- 3 |  4- 6 |  7- 9 | 10-12 | 13-15 | 16-18 || total
---------------------------+-------+-------+-------+-------+-------+-------++-------
  Melee: Long sword        |    61 |   115 |   283 |   242 |       |       ||   701
         Headbutt          |     9 |    30 |    64 |   238 |   467 |   162 ||   970
         Falchion          |       |       |       |   425 |   174 |       ||   599
         Scimitar          |       |       |       |       |  1310 |   428 ||  1738
 Invoke: Divine Shield     |       |       |       |     5 |     8 |     1 ||    14
         Cleansing Flame   |       |       |       |     6 |     9 |     1 ||    16
         Recite            |       |       |       |       |     1 |       ||     1
         Vitalisation      |       |       |       |       |     1 |       ||     1
  Evoke: Wand              |       |       |     4 |    36 |    21 |       ||    61
         Lightning rod     |       |       |       |     3 |     5 |       ||     8
         Gell's gravitambo |       |       |       |       |     2 |       ||     2
         Box of beasts     |       |       |       |       |     1 |     1 ||     2
    Use: Potion            |     2 |     1 |     1 |    11 |     5 |     1 ||    21
         Scroll            |       |       |     8 |    14 |    11 |       ||    33
 Armour: Scale mail        |    65 |    16 |       |       |       |       ||    81
         Ring mail         |       |    73 |   147 |       |       |       ||   220
         Chain mail        |       |       |   153 |   327 |       |       ||   480
         Plate armour      |       |       |       |   253 |   301 |       ||   554
         Crystal plate arm |       |       |       |       |  1207 |   412 ||  1619
  Dodge: Dodged            |    29 |    42 |   162 |   266 |   501 |   116 ||  1116
  Block: Buckler           |    18 |    25 |    99 |   216 |   355 |       ||   713
         Tower shield      |       |       |       |       |  1281 |   712 ||  1993

Table legend: (Time is in decaauts)
 A = Elapsed time spent in this place.
 B = Non-inter-level travel time spent in this place.
 C = Inter-level travel time spent in this place.
 D = Time resting spent in this place.
 E = Time spent auto-exploring this place.
 F = Levels seen in this place.
 G = Mean time per level.
                   A        B        C        D        E       F      G
               +--------+--------+--------+--------+--------+-----+--------+
         Total |  31382 |  29701 |   1681 |   2834 |  20538 |  27 | 1162.3 |
       Dungeon |  17992 |  16905 |   1087 |   2219 |  11367 |  15 | 1199.5 |
        Temple |    116 |     30 |     86 |      0 |      0 |   1 |  116.0 |
          Lair |   6735 |   6401 |    334 |    216 |   5019 |   5 | 1347.0 |
   Spider Nest |   3645 |   3586 |     59 |      7 |   2529 |   3 | 1215.0 |
  Orcish Mines |   1811 |   1698 |    113 |      0 |   1271 |   2 |  905.5 |
      Ice Cave |   1080 |   1080 |      0 |    392 |    352 |   1 | 1080.0 |
               +--------+--------+--------+--------+--------+-----+--------+

Top non-repeatable levels by time:
    D:13: 2644 daAuts
     D:8: 2144 daAuts
Spider:1: 2032 daAuts
     D:9: 1892 daAuts
  Lair:5: 1610 daAuts
    D:15: 1599 daAuts
  Lair:4: 1584 daAuts
    D:12: 1424 daAuts
  Lair:2: 1373 daAuts
  Lair:3: 1321 daAuts
     D:6: 1318 daAuts
Spider:2: 1189 daAuts
   Orc:2: 1186 daAuts
   IceCv: 1080 daAuts
     D:7: 1015 daAuts
